AoeStats
← JCarlos9910

Arena

509761121Analyzed
4v4 RM · 5d ago on Sep 27, 2026· 86m 2s· 8 players
Game mode
Random Map
Map size
Large (8 player)
Population
200
Speed
Normal
Resources
Standard
Victory
Conquest
Starting age
Dark Age
Ending age
Imperial Age
RankedLock teamsTeams togetherTeam positionsShared explorationLock speedFull tech treeHidden civsTurbo modeCheats
Victory
Defeat
601
+12
🇳🇱 Byzantines · Netherlands
574
+13
🇪🇸 Romans · Spain
535
+15
🇪🇸 Romans · Spain
487
+17
🇲🇽 Khmer · Mexico
609
-18
🇦🇷 Britons · Argentina
597
-33
🇦🇷 Franks · Argentina
420
-11
🇪🇸 Khmer · Spain
405
-10
John Lemon
5:47 Loom
11:18 Feudal Age
13:43 Wheelbarrow
[MIAAU] Gatúbelo Palestinian
9:25 Loom
12:34 Feudal Age
Alfieri83
12:20 Feudal Age
15:02 Wheelbarrow
14:14 Loom
19:37 Castle Age
20:26 Squires
27:38 Imperial Age
26:12 Double-Bit Axe
30:03 Murder Holes
30:21 Fortified Wall
35:47 Gold Mining
35:47 Stone Mining
38:07 Conscription
38:23 Hoardings
45:47 Horse Collar
46:46 Gold Shaft Mining
46:47 Stone Shaft Mining
46:46 Bow Saw
47:40 Ballistics
47:00 Treadmill Crane
47:27 Caravan
48:23 Stone Shaft Mining
48:02 Scale Barding Armor
51:32 Hand Cart
52:03 Forging
51:55 Scale Mail Armor
53:11 Elite Varangian Guard
53:12 Pikeman
53:38 Arson
53:39 Gambesons
53:14 Man-at-Arms
56:27 Fletching
57:07 Bodkin Arrow
57:16 Padded Archer Armor
57:07 Halberdier
61:39 Chemistry
60:44 Bracer
60:59 Leather Archer Armor
61:20 Iron Casting
61:13 Chain Barding Armor
61:37 Iron Casting
61:20 Chain Mail Armor
61:25 Elite Skirmisher
62:44 Ring Archer Armor
62:50 Plate Barding Armor
71:37 Elite Cataphract
72:17 Greek Fire
72:28 Logistica
72:52 Plate Mail Armor
76:03 Two-Man Saw
81:22 Bombard Tower
80:53 Guard Tower
DuplexPeak9929
0:51 Loom
11:16 Feudal Age
11:41 Horse Collar
11:47 Double-Bit Axe
13:16 Wheelbarrow
14:01 Gold Mining
14:57 Town Watch
18:36 Castle Age
18:43 Scale Barding Armor
18:39 Stone Mining
22:40 Gold Shaft Mining
22:31 Chain Barding Armor
24:34 Hand Cart
24:20 Town Patrol
24:52 Bow Saw
24:54 Heavy Plow
25:43 Forging
27:20 Caravan
32:43 Iron Casting
32:09 Scale Mail Armor
34:45 Ballistas
37:23 Imperial Age
35:41 Ballistics
36:11 Masonry
36:20 Chain Mail Armor
38:48 Crop Rotation
39:38 Comitatenses
39:38 Conscription
39:02 Sappers
41:57 Blast Furnace
41:36 Plate Barding Armor
41:07 Fletching
41:24 Elite Centurion
42:47 Heavy Scorpion
45:37 Man-at-Arms
47:26 Long Swordsman
48:18 Legionary
51:33 Pikeman
52:14 Squires
64:41 Bodkin Arrow
64:46 Padded Archer Armor
65:49 Chemistry
65:21 Architecture
74:11 Light Cavalry
75:03 Bloodlines
74:53 Husbandry
74:15 Cavalier
84:31 Capped Ram
Sanso8278
1:21 Loom
19:50 Feudal Age
24:01 Castle Age
22:42 Double-Bit Axe
22:40 Horse Collar
22:56 Gold Mining
22:56 Stone Mining
33:39 Pikeman
33:55 Elite Skirmisher
34:47 Heavy Plow
36:05 Elite Skirmisher
36:40 Town Watch
37:30 Wheelbarrow
39:22 Forging
39:12 Scale Mail Armor
39:17 Scale Barding Armor
39:13 Padded Archer Armor
39:03 Fletching
43:24 Gold Shaft Mining
43:55 Bow Saw
43:52 Town Patrol
44:09 Hand Cart
50:08 Imperial Age
53:57 Elite Longbowman
54:57 Yeomen
55:18 Iron Casting
54:59 Chain Mail Armor
55:05 Chain Barding Armor
55:00 Leather Archer Armor
54:40 Bodkin Arrow
69:35 Warwolf
69:41 Warwolf
70:46 Blast Furnace
70:16 Plate Mail Armor
70:22 Plate Barding Armor
70:17 Ring Archer Armor
69:47 Bracer
72:09 Warwolf
74:52 Light Cavalry
75:38 Husbandry
JCarlos9910
0:37 Loom
17:42 Feudal Age
18:20 Horse Collar
18:29 Double-Bit Axe
20:21 Wheelbarrow
22:43 Stone Mining
28:21 Castle Age
29:48 Hand Cart
31:06 Bow Saw
32:24 Heavy Plow
32:58 Light Cavalry
34:00 Padded Archer Armor
40:36 Imperial Age
38:32 Gold Mining
39:24 Stone Shaft Mining
39:30 Town Watch
46:32 Crop Rotation
48:39 Chemistry
48:01 Ballistics
48:56 Gold Shaft Mining
50:29 Town Patrol
53:15 Hussar
84:48 Scale Barding Armor
ruben92_7
1:48 Loom
12:42 Feudal Age
16:42 Wheelbarrow
21:34 Castle Age
22:51 Hand Cart
24:21 Husbandry
51:08 Imperial Age
59:37 Elite Ballista Elephant
76:12 Double Crossbow
Santi el Rey
1:02 Loom
13:20 Feudal Age
14:00 Town Watch
15:17 Wheelbarrow
15:06 Double-Bit Axe
17:31 Padded Archer Armor
17:22 Fletching
17:42 Forging
17:33 Scale Mail Armor
19:29 Stone Mining
19:29 Gold Mining
20:26 Scale Barding Armor
22:01 Arson
21:37 Man-at-Arms
27:09 Castle Age
27:18 Castle Age
28:36 Husbandry
29:44 Crossbowman
33:35 Imperial Age
31:20 Squires
33:26 Ordonnance Companies
36:56 Chemistry
35:53 Murder Holes
35:54 Pikeman
35:55 Long Swordsman
38:24 Hoardings
38:02 Bodkin Arrow
38:56 Gold Shaft Mining
39:09 Ballistics
40:46 Bow Saw
41:54 Hand Cart
42:11 Chivalry
44:54 Cavalier
49:46 Chain Mail Armor
49:46 Leather Archer Armor
61:35 Town Patrol
65:49 Chain Barding Armor
65:59 Plate Mail Armor
65:45 Leather Archer Armor
66:05 Iron Casting
Connection lost

Rejoining the realm…

Still unreachable

The connection could not be restored.

Session expired

The server has moved on; the page needs a fresh start.